 Dungeon Crawl Stone Soup version 0.24.0-13-gcf9b3192b9 (webtiles) character file.

Game seed: 13876194244651361606, levelgen mode: deterministic

4468 inmateoo the Spear-Bearer (level 10, -2/76 HPs)
             Began as a Human Gladiator on Nov 5, 2019.
             Was an Elder of Okawaru.
             Slain by a gargoyle
             ... wielding a +0 flail
              (7 damage)
             ... on level 10 of the Dungeon.
             The game lasted 00:10:11 (11787 turns).

inmateoo the Spear-Bearer (Human Gladiator)        Turns: 11787, Time: 00:10:12

Health: -2/76      AC: 14    Str: 17    XL:     10   Next: 64%
Magic:  10/10      EV:  9    Int:  8    God:    Okawaru [****..]
Gold:   333        SH:  5    Dex: 16    Spells: 9/9 levels left

rFire    + . .     SeeInvis .   o - +2 trident (freeze) (curse)
rCold    . . .     Gourm    .   q - +0 buckler
rNeg     . . .     Faith    .   k - +0 chain mail
rPois    +         Spirit   .   c - +1 helmet
rElec    .         Reflect  .   (no cloak)
rCorr    .         Harm     .   E - +0 pair of gloves (curse)
MR       .....                  D - +0 pair of boots
Stlth    ..........             (no amulet)
HPRegen  0.22/turn              C - ring of protection from fire
MPRegen  0.12/turn              G - ring of poison resistance

@: no status effects
A: no striking features
a: Heroism, Renounce Religion


You were on level 10 of the Dungeon.
You worshipped Okawaru.
Okawaru was greatly pleased with you.
You were not hungry.

You visited 1 branch of the dungeon, and saw 10 of its levels.

You collected 535 gold pieces.
You spent 202 gold pieces at shops.

Inventory:

Hand Weapons
 o - a cursed +2 trident of freezing (weapon)
Missiles
 d - 5 throwing nets (quivered)
Armour
 c - a +1 helmet (worn)
 k - a +0 chain mail (worn)
 q - a +0 buckler (worn)
 D - a +0 pair of boots (worn)
 E - a cursed +0 pair of gloves (worn)
Jewellery
 C - a ring of protection from fire (left hand)
 F - an uncursed ring of flight
 G - a ring of poison resistance (right hand)
 I - an uncursed amulet of regeneration {unknown}
Wands
 e - a wand of iceblast (13)
 r - a wand of flame (12)
 u - a wand of paralysis (7)
 B - a wand of random effects (10)
Scrolls
 a - 2 scrolls of magic mapping
 l - 5 scrolls of teleportation
 p - 3 scrolls of fear
 t - 2 scrolls of remove curse
 x - 2 scrolls of enchant weapon {unknown}
 y - 3 scrolls of immolation
 z - a scroll of holy word
 A - 2 scrolls of amnesia
 H - 2 scrolls of acquirement {unknown}
 J - a scroll of summoning {unknown}
Potions
 b - a potion of magic
 g - a potion of heal wounds
 h - a potion of degeneration {unknown}
 i - 6 potions of curing
 j - a potion of haste
 m - a potion of invisibility {unknown}
 n - 2 potions of flight
 s - 2 potions of agility {unknown}
 v - 3 potions of lignification {unknown}
 w - a potion of resistance {unknown}
Comestibles
 f - 9 rations


   Skills:
 + Level 5.9 Fighting
 * Level 11.3 Polearms
 - Level 2.0 Throwing
 + Level 5.1 Armour
 + Level 4.3 Dodging
 + Level 5.1 Shields


You had 9 spell levels left.
You didn't know any spells.
Your spell library contained the following spells:

 Spells                   Type           Power        Failure   Level  Hunger
 Animate Skeleton         Necr           N/A          99%         1    ##.....
 Pain                     Necr           #...         99%         1    ##.....
 Regeneration             Chrm/Necr      #.........   100%        3    ####...
 Vampiric Draining        Necr           #.........   100%        3    ####...
 Animate Dead             Necr           N/A          100%        4    #####..


Dungeon Overview and Level Annotations

Branches:
Dungeon (10/15)            Temple (0/1) D:5            Lair (0/6) D:8
    Orc (0/2) D:9

Altars:
Ashenzari
Cheibriados
Elyvilon
Hepliaklqana
Okawaru
Sif Muna
Vehumet
Zin

Shops:
D:6 ?   D:7 [


Message History

The gargoyle hits you with a +0 flail.
* * * LOW HITPOINT WARNING * * *
You hit the gargoyle but do no damage.
The gargoyle is almost destroyed.
The gargoyle hurls a stone arrow at you.
You block the stone arrow.
You are too injured to fight recklessly!
You hit the gargoyle but do no damage.
The gargoyle is almost destroyed.
Unknown command.
You hit the gargoyle but do no damage.
The gargoyle is almost destroyed.
The gargoyle hurls a stone arrow at you.
The stone arrow hits you!
* * * LOW HITPOINT WARNING * * *
Unknown command.
Your chain mail prevents you from hitting the gargoyle.
The gargoyle is almost destroyed.
The gargoyle hits you with a +0 flail!
You die...

.....####.####.....#
..........♣$........#
......####.####.....#
.....###.#.#.###....#
....###.##.##.###...#
...)...###.###...^..
.......##...##...####
......9#.....#......#
.......@............#
....................#
....>............)..#
....................#
...............÷....#
###########....#....#
#....#....#
#.<..#....#
#....#....#


You could see a gargoyle.

Vanquished Creatures
  A komodo dragon (D:8)
  A hornet (D:9)
  A wraith (D:9)
  A vampire mosquito (D:9)
  Grum (D:10)
  2 wargs (D:9)
  3 ice beasts
  A sky beast (D:9)
  2 black bears
  An orc warrior (D:6)
  An eye of draining (D:9)
  An ogre (D:6)
  A phantom (D:9)
  2 wolves (D:10)
  2 centaurs
  5 bullfrogs
  2 scorpions
  A water moccasin skeleton (D:5)
  10 wights (D:9)
  3 crimson imps
  A centaur zombie (D:7)
  2 quasits
  2 hounds (D:9)
  2 jellies
  6 orc priests
  2 bullfrog skeletons
  6 orc wizards
  A centaur skeleton (D:4)
  2 iguanas
  Ijyb (D:3)
  6 worker ants
  A hound skeleton (D:6)
  A worker ant zombie (D:7)
  7 gnolls
  11 adders
  A shadow imp (D:9)
  An ooze (D:2)
  An adder zombie (D:6)
  3 worms
  3 dart slugs
  7 leopard geckos
  22 orcs
  2 ball pythons (D:4)
  14 bats
  6 giant cockroaches
  11 hobgoblins
  7 kobolds
  8 quokkas
  A ball python skeleton (D:3)
  12 frilled lizards
  10 goblins
  A quokka skeleton (D:4)
  8 rats
  A plant (D:8)
212 creatures vanquished.

Vanquished Creatures (others)
  A plant (D:8)
1 creature vanquished.

Grand Total: 213 creatures vanquished

Notes
Turn   | Place    | Note
-------+----------+-------------------------------------------
     0 | D:1      | inmateoo the Human Gladiator began the quest for the Orb.
     0 | D:1      | Reached XP level 1. HP: 16/16 MP: 1/1
    88 | D:1      | Reached XP level 2. HP: 21/22 MP: 2/2
   347 | D:1      | Reached skill level 4 in Polearms
   347 | D:1      | Reached XP level 3. HP: 22/27 MP: 3/3
   734 | D:2      | Reached XP level 4. HP: 24/33 MP: 4/4
  1138 | D:1      | Reached skill level 5 in Polearms
  1209 | D:1      | Reached XP level 5. HP: 29/38 MP: 5/5
  2116 | D:3      | Noticed Ijyb
  2129 | D:3      | Killed Ijyb
  2129 | D:3      | Reached XP level 6. HP: 44/47 MP: 6/6
  2760 | D:3      | Reached skill level 6 in Polearms
  2875 | D:3      | Found an iron altar of Okawaru.
  2961 | D:3      | Became a worshipper of Warmaster Okawaru
  3025 | D:4      | Found a snail-covered altar of Cheibriados.
  3033 | D:4      | Found a radiant altar of Vehumet.
  3541 | D:4      | Found a white marble altar of Elyvilon.
  3622 | D:5      | Entered Level 5 of the Dungeon
  4071 | D:5      | Found a shattered altar of Ashenzari.
  4081 | D:5      | Reached XP level 7. HP: 42/54 MP: 7/7
  4296 | D:5      | Found a staircase to the Ecumenical Temple.
  4349 | D:5      | Reached skill level 1 in Armour
  4349 | D:5      | Reached skill level 1 in Shields
  4891 | D:5      | Found a hazy altar of Hepliaklqana.
  5052 | D:5      | Reached * piety under Okawaru
  5156 | D:4      | Reached skill level 5 in Fighting
  5609 | D:5      | Reached XP level 8. HP: 62/62 MP: 8/8
  6143 | D:6      | Found Daomyvy's Magic Scroll Boutique.
  6150 | D:6      | Bought a scroll of teleportation for 33 gold pieces
  6150 | D:6      | Bought a scroll of immolation for 38 gold pieces
  6150 | D:6      | Bought a scroll of holy word for 82 gold pieces
  6150 | D:6      | Bought a scroll of noise for 11 gold pieces
  6150 | D:6      | Bought a scroll of amnesia for 38 gold pieces
  6343 | D:6      | Found a shimmering blue altar of Sif Muna.
  6405 | D:6      | Reached skill level 7 in Polearms
  6787 | D:6      | Reached ** piety under Okawaru
  7555 | D:7      | Reached skill level 8 in Polearms
  7555 | D:7      | Reached XP level 9. HP: 25/68 MP: 9/9
  7761 | D:7      | Found Semp's Antique Armour Emporium.
  8032 | D:7      | Reached skill level 9 in Polearms
  8372 | D:7      | Got an amber-encrusted ring mail
  8383 | D:7      | Identified the cursed +0 ring mail of the Eternal Void
                  | {Int+3} (You found it on level 7 of the Dungeon)
  8435 | D:7      | Found an iron altar of Okawaru.
  8984 | D:8      | Found a glowing silver altar of Zin.
  9057 | D:8      | Noticed a komodo dragon
  9060 | D:8      | Found a staircase to the Lair.
  9130 | D:8      | Killed a komodo dragon
  9130 | D:8      | Reached *** piety under Okawaru
  9130 | D:8      | Reached skill level 10 in Polearms
 10205 | D:9      | Reached XP level 10. HP: 41/74 MP: 10/10
 10608 | D:9      | Found a staircase to the Orcish Mines.
 10692 | D:9      | Reached skill level 11 in Polearms
 10935 | D:9      | Reached **** piety under Okawaru
 11166 | D:9      | Reached skill level 5 in Armour
 11170 | D:9      | Reached skill level 5 in Shields
 11369 | D:10     | Entered Level 10 of the Dungeon
 11376 | D:10     | Noticed Grum
 11743 | D:10     | Killed Grum
 11746 | D:10     | Noticed a gargoyle
 11750 | D:10     | Noticed a centaur warrior
 11750 | D:10     | Noticed a centaur warrior
 11787 | D:10     | Slain by a gargoyle

Levels and vault maps discovered:
D:1:      roderic_crossed_star, layout_basic, hangedman_feature_mirror
D:2:      layout_basic
D:3:      minmay_evil_eye, layout_loops_ring, lemuel_crystal_altar,
          minmay_vboxes, uniq_ijyb
D:4:      layout_basic, kennysheep_little_box,
          chequers_temple_overflow_statue_of_worship, serial_park_tiny_pond
D:5:      layout_basic, nicolae_overflow_crystal_walls, temple_statues,
          first_ration, evilmike_ruin_ashenzari
D:6:      layout_loops_corners, kennysheep_mini_moat, serial_shops,
          nicolae_shop_stone, minmay_between
D:7:      layout_rooms, serial_shops,
          nicolae_shop_temple_entry_statues_fountains, okawaru_ov_weapons_minmay
D:8:      layout_rooms, lemuel_doored_altar, david_lair_shrubbed
D:9:      layout_roguey, minmay_orc_entry_guard_dogs
D:10:     layout_grid_maze, hangedman_little_slice_of_home, kb_rosetta,
          uniq_grum

Skill      XL: |  1  2  3  4  5  6  7  8  9 10 |
---------------+-------------------------------+-----
Polearms       | 4 5 6 8 10 11 | 11.3
Fighting       | 3 4 5 |  5.9
Armour         | 2 4 5 |  5.1
Shields        | 2 4 5 |  5.1
Dodging        | 4 |  4.3
Throwing       | |  2.0

Action                   |  1- 3 |  4- 6 |  7- 9 | 10-12 || total
-------------------------+-------+-------+-------+-------++-------
Melee: Trident           |   107 |   309 |   566 |   212 ||  1194
Invok: Heroism           |       |       |     1 |       ||     1
Evoke: Wand              |       |       |       |     4 ||     4
  Use: Scroll            |     2 |     6 |     4 |       ||    12
       Potion            |       |     1 |       |     1 ||     2
 Stab: Sleeping          |     1 |       |       |       ||     1
  Eat: Chunk             |       |     7 |    20 |     5 ||    32
       Ration            |       |     1 |       |       ||     1
Armor: Leather armour    |     9 |       |       |       ||     9
       Chain mail        |    66 |   146 |   198 |    80 ||   490
Dodge: Dodged            |    60 |    99 |   157 |    63 ||   379
Block: Buckler           |       |     3 |   101 |    38 ||   142
